 Dungeon Crawl Stone Soup version 0.22-a0-369-gc73351f (webtiles) character file.

130 rockygargoyle the Poker (level 4, -1/35 HPs)
             Began as a Demonspawn Monk on Apr 24, 2018.
             Was a Believer of Qazlal.
             Slain by an orc wizard
             ... wielding a +0 dagger
              (4 damage)
             ... on level 3 of the Dungeon.
             The game lasted 00:14:38 (2220 turns).

rockygargoyle the Poker (Demonspawn Monk)           Turns: 2220, Time: 00:14:38

Health: -1/35      AC:  5    Str: 12    XL:     4   Next: 89%
Magic:  2/6        EV: 11    Int: 11    God:    Qazlal [**....]
Gold:   122        SH:  3    Dex: 16    Spells: 3/3 levels left

rFire    + . .     SeeInvis .   a - +0 spear
rCold    . . .     Gourm    .   (no shield)
rNeg     . . .     Faith    .   o - +0 ring mail
rPois    .         Spirit   .   (no helmet)
rElec    .         Reflect  .   (no cloak)
rCorr    .         Harm     .   (no gloves)
MR       .....                  (no boots)
Stlth    +.........             (no amulet)
HPRegen  0.11/turn              (no ring)
MPRegen  0.10/turn              (no ring)

@: about to teleport
A: fire resistance 1
a: Upheaval, Renounce Religion


You were on level 3 of the Dungeon.
You worshipped Qazlal.
Qazlal was pleased with you.
You were hungry.

You visited 1 branch of the dungeon, and saw 3 of its levels.

You collected 122 gold pieces.

Inventory:

Hand Weapons
 a - a +0 spear (weapon)
Armour
 b - a +0 robe
 h - a +0 leather armour
   (You found it on level 1 of the Dungeon)
 o - a +0 ring mail (worn)
   (You found it on level 2 of the Dungeon)
Scrolls
 d - 4 scrolls of remove curse {unknown}
 e - a scroll of magic mapping {unknown}
 f - 2 scrolls of teleportation
 g - a scroll of identify {unknown}
 i - a scroll of enchant armour {unknown}
 j - 2 scrolls of immolation {unknown}
 k - a scroll of amnesia {unknown}
 p - a scroll of fear {unknown}
Comestibles
 c - 3 rations


   Skills:
 - Level 3.0 Fighting
 + Level 4.6 Polearms
 - Level 2.6 Dodging
 - Level 1.7 Stealth
 + Level 2.8 Invocations


You had 3 spell levels left.
You didn't know any spells.

Dungeon Overview and Level Annotations

Branches:
Dungeon (3/15)

Altars:
Qazlal

Annotations:
D:3 enemycoke's ghost, amateur OpBe


Innate Abilities, Weirdness & Mutations

Your flesh is heat resistant. (rF+)


Message History

Your orc dies!
A magic dart appears from out of thin air!
The magic dart hits you!
Unknown command.
You see here a scroll labeled IGAKHL FULAOK.
The adder resists with significant effort.
The adder misses you.
The adder resists with significant effort.
The adder bites you.
You take 1 damage, and have 16/35 hp.
The adder resists with significant effort.
The now-empty wand crumbles to dust.
The adder bites you.
You are poisoned.
The adder poisons you! The adder closely misses you.
You take 3 damage, and have 13/35 hp.
You aren't carrying any potions.
As you read the scroll labeled YPAICL ZYELAE, it crumbles to dust.
You feel strangely unstable.
It was a scroll of teleportation.
You feel sick. You block the adder's attack.
You take 1 damage, and have 12/35 hp.
You feel sick. The adder closely misses you.
You take 1 damage, and have 11/35 hp.
Your surroundings suddenly seem different.
Found a scroll labeled ETUUS MESIMUEL, 14 gold pieces and a ration.
Found a stone staircase leading down.
A bat and a worm come into view.
You hit the bat.
You kill the bat!
Qazlal accepts your kill.
You feel sick.
You take 1 damage, and have 11/35 hp.
You start resting.
You feel sick.
You are no longer poisoned.
You take 1 damage, and have 10/35 hp.
You start resting.
Attack whom?
Okay, then.
Attack whom?
You reach to attack!
You hit the worm.
MP restored: 6 Attack whom?
You reach to attack!
You hit the worm.
Attack whom?
You reach to attack!
You barely miss the worm.
Attack whom?
You reach to attack!
You hit the worm.
Attack whom?
You reach to attack!
You barely miss the worm.
Attack whom?
You reach to attack!
You barely miss the worm.
A kobold comes into view. It is wielding a dagger.
The kobold shouts!
You hear a shout!
The kobold hits you but does no damage.
You completely miss the kobold. The kobold hits you but does no damage.
You hit the kobold but do no damage. The kobold hits you but does no damage.
You hit the kobold but do no damage. The kobold barely misses you.
You hit the kobold but do no damage. The kobold closely misses you.
The kobold hits you but does no damage. The kobold closely misses you.
You barely miss the kobold. You block the kobold's attack.
You hit the kobold. The kobold hits you with a dagger.
You take 1 damage, and have 13/35 hp.
You completely miss the kobold.
The kobold is struck by lightning.
You kill the kobold!
Qazlal accepts your kill.
You hear an angry hiss.
Enemycoke's ghost whispers, "They're coming for you..."
Enemycoke's ghost hits you!
* * * LOW HITPOINT WARNING * * *
You take 8 damage, and have 7/35 hp.
MASSIVE DAMAGE!!
Found a stone staircase leading down.
The orc wizard hits you but does no damage.
Unknown command.
A storm cloud blasts the area with cutting wind!
The cutting wind hits enemycoke's ghost.
Enemycoke's ghost gets badly buffeted.
You can no longer give life to nearby clouds.
The orc wizard casts a spell at you. The magic dart hits you!
* * * LOW HITPOINT WARNING * * *
You take 4 damage, and have 4/35 hp.
You now have 2/6 mp.
Attack whom?
Okay, then.
As you read the scroll labeled ETUUS MESIMUEL, it crumbles to dust.
You hear a loud clanging noise!
It was a scroll of noise.
You hear a shout!
You hear an angry hiss.
The orc wizard mumbles some strange words.
The orc wizard flickers and vanishes!
Enemycoke's ghost screams in joy, "As in life, so in death: Kill!
Kill!!
Kill!!!"
As you read the scroll of teleportation, it crumbles to dust.
You feel strangely unstable. Something hits you.
* * * LOW HITPOINT WARNING * * *
You take 1 damage, and have 3/35 hp.
You miss something. Something completely misses you.
You hit something. Something hits you.
You die...

############# #...........# ###
#.#####.###.# . ..> #.# #..##.#
####.... #.#####.######.##.#
.)......(##>....?.†..$##..#.#
#.##.#.........##.##..###.#.#####
.... .......W{@................
#.##.. .#####.##.###...##..#####
#.# #.# #.##.# ## .##..# #.. #
#.##%## .#.)# #..# #.##..## .
#..# #..# #.##...#... #..#
.#####.##w.....###..#
[?.........## ##...#
..##.......######....#


You could see a worm and enemycoke's ghost.

Vanquished Creatures
  2 orc wizards (D:3)
  An adder (D:2)
  2 oozes (D:1)
  A worm (D:3)
  7 orcs (D:3)
  2 ball pythons (D:1)
  6 bats
  3 giant cockroaches
  A goblin (D:2)
  4 hobgoblins
  2 jackals (D:1)
  8 kobolds
  3 rats
42 creatures vanquished.

Vanquished Creatures (others)
  2 orcs (D:3)
2 creatures vanquished.

Grand Total: 44 creatures vanquished

Notes
Turn   | Place    | Note
-------+----------+-------------------------------------------
     0 | D:1      | rockygargoyle the Demonspawn Monk began the quest for the Orb.
     0 | D:1      | Reached XP level 1. HP: 18/18 MP: 1/1
    18 | D:1      | Reached skill level 3 in Polearms
   263 | D:1      | Gained mutation: Your flesh is heat resistant. (rF+) [demonic ancestry]
   263 | D:1      | Reached XP level 2. HP: 22/24 MP: 2/2
   654 | D:1      | Reached XP level 3. HP: 18/29 MP: 3/3
   997 | D:2      | Found a faded altar of an unknown god.
  1011 | D:2      | Reached skill level 4 in Polearms
  1034 | D:2      | Became a worshipper of Qazlal Stormbringer
  1034 | D:2      | Reached * piety under Qazlal
  1034 | D:2      | Reached ** piety under Qazlal
  1714 | D:3      | Reached skill level 1 in Invocations
  1714 | D:3      | Reached XP level 4. HP: 19/35 MP: 3/5
  1715 | D:3      | Reached *** piety under Qazlal
  1723 | D:3      | Reached skill level 2 in Invocations
  1730 | D:3      | HP: 6/35 [orc/war axe (9)]
  1731 | D:3      | HP: 1/35 [orc/war axe (5)]
  1774 | D:3      | HP: 4/35 [orc/short sword (1)]
  1780 | D:3      | Noticed enemycoke's ghost (amateur OpBe)
  1797 | D:3      | HP: 2/35 [enemycoke's ghost (5)]
  2207 | D:3      | HP: 7/35 [enemycoke's ghost (8)]
  2216 | D:3      | HP: 4/35 [orc wizard/magic dart (4)]
  2220 | D:3      | Slain by an orc wizard

Vault maps used:
D:1:      dpeg_arrival_tiny_g, minmay_misc_feat_cross, minivault_11,
          dk_noncrumbling_2
D:2:      chequers_ecumenical_altar_island, minmay_misc_feat_tiny,
          minmay_misc_feat_x
D:3:      dancing_weapons_uskayaw, lemuel_doored_altar, first_ration,
          minmay_cupped

Skill      XL: |  1  2  3  4 |
---------------+-------------+-----
Polearms       | 3 4 |  4.6
Invocations    | 1 2 |  2.8
Fighting       | |  3.0
Dodging        | |  2.6
Stealth        | |  1.7

Action                   |  1- 3 |  4- 6 || total
-------------------------+-------+-------++-------
Melee: Spear             |   130 |    59 ||   189
Invok: Upheaval          |       |     2 ||     2
Evoke: Wand              |       |     6 ||     6
  Use: Potion            |     2 |     2 ||     4
       Scroll            |       |     3 ||     3
  Eat: Ration            |     1 |       ||     1
Armor: Robe              |     5 |       ||     5
       Leather armour    |    19 |       ||    19
       Ring mail         |     1 |    13 ||    14
Dodge: Dodged            |    71 |    21 ||    92
Block: Other             |     1 |    10 ||    11

Table legend:
 A = Spawn XP
 B = Non-spawn XP
 C = Spawn XP percentage of total XP
 D = Spawn monster count
 E = Non-spawn monster count
 F = Spawn count percentage of total count
 G = Total turns spent on level
                    A         B        C        D         E        F      G
               +---------+---------+-------+---------+---------+-------+---------
         Total |       0 |     186 |   0.0 |       0 |      44 |   0.0 |  2220
               +---------+---------+-------+---------+---------+-------+---------
           D:1 |       0 |      45 |   0.0 |       0 |      20 |   0.0 |   955
           D:2 |       0 |      22 |   0.0 |       0 |       6 |   0.0 |   991
           D:3 |       0 |     119 |   0.0 |       0 |      18 |   0.0 |   274
               +---------+---------+-------+---------+---------+-------+---------

Vault maps used:
D:1:      dpeg_arrival_tiny_g, minmay_misc_feat_cross, minivault_11,
          dk_noncrumbling_2
D:2:      chequers_ecumenical_altar_island, minmay_misc_feat_tiny,
          minmay_misc_feat_x
D:3:      dancing_weapons_uskayaw, lemuel_doored_altar, first_ration,
          minmay_cupped

Table legend:
 A = Turns spent in this place as a percentage of turns spent in the entire game.
 B = Non-inter-level travel turns spent in this place as a percentage of non-inter-level travel turns spent in the entire game.
 C = Inter-level travel turns spent in this place as a percentage of turns spent in this place.
 D = Turns resting spent in this place as a percentage of non-inter-level travel turns spent in this place.
 E = Turns spent auto-exploring this place as a percentage of non-inter-level travel turns spent in this place.
 F = Non-inter-level travel turns spent in this place divided by the number of levels of this place that you've seen.
                   A       B       C       D       E      F
               +-------+-------+-------+-------+-------+----------------------
         Total | 100.0 | 100.0 |   4.0 |  22.1 |  55.9 | 710.7
       Dungeon | 100.0 | 100.0 |   4.0 |  22.1 |  55.9 | 710.7
               +-------+-------+-------+-------+-------+----------------------

Table legend:
 A = Kills in this place as a percentage of kills in entire the game.
 B = Kills by you in this place as a percentage of kills by you in the entire game.
 C = Kills by friends in this place as a percentage of kills by friends in the entire game.
 D = Other kills in this place as a percentage of other kills in the entire game.
 E = Experience gained in this place as a percentage of experience gained in the entire game.
 F = Experience gained in this place divided by the number of levels of this place that you have seen.
                   A       B       C       D       E      F
               +-------+-------+-------+-------+-------+----------------------
         Total | 100.0 | 100.0 |   N/A | 100.0 | 100.0 |  62.0
       Dungeon | 100.0 | 100.0 |   N/A | 100.0 | 100.0 |  62.0
               +-------+-------+-------+-------+-------+----------------------
